 Dungeon Sprint DCSS version 0.23-a0-147-g7935be9 (webtiles) character file.

64249 HallandMoats the Warrior (level 14, -15/148 (149) HPs)
             Began as a Demonspawn Monk on Sept 6, 2018.
             Killed from afar by Xtahua (44 damage)
             ... with a searing blast
             ... in the Dungeon (Sprint IX: "|||||||||||||||||||||||||||||").
             The game lasted 00:19:58 (10955 turns).

HallandMoats the Warrior (Demonspawn Monk)         Turns: 10955, Time: 00:19:59

HP:   -15/148 (149) AC: 21    Str: 18    XL:     14   Next: 71%
MP:   14/14         EV: 18    Int: 11    God:    Xom [...*..]
Gold: 1142          SH:  7    Dex: 21    Spells: 13/13 levels left

rFire    . . .     SeeInvis +   b - +2 morningstar of Yckaug {elec, rElec Dex+3}
rCold    . . .     Gourm    .   d - +1 buckler {reflect}
rNeg     . . .     Faith    .   A - +3 chain mail {rPois}
rPois    +         Spirit   .   s - +0 helmet
rElec    +         Reflect  +   C - +1 cloak
rCorr    .         Harm     .   m - +0 pair of gloves
MR       ++...     NoTele   +   n - +0 pair of boots
Stlth    ..........             (no amulet)
HPRegen  0.74/turn              p - +3 ring of strength
MPRegen  0.14/turn              f - ring of protection from magic

@: no status effects
A: claws 2, yellow scales 1, camouflage 1, see invisible, deformed body, demonic
guardian 2, deterioration 1, regeneration 1, robust 1, spiny 2
a: Renounce Religion


You were in the Dungeon.
You worshipped Xom.
You were a favourite toy of Xom.
You were hungry.

You visited 1 branch You collected 1923 gold pieces.
You spent 781 gold pieces at shops.

Inventory:

Hand Weapons
 b - the +2 morningstar of Yckaug (weapon) {elec, rElec Dex+3}
   (You found it in the Dungeon)

   Occasionally, upon striking a foe, it will discharge some electrical energy
   and cause terrible harm.
   It affects your dexterity (+3).
   It insulates you from electricity.
Armour
 a - a +0 troll leather armour
 d - a +1 buckler of reflection (worn)
 m - a +0 pair of gloves (worn)
 n - a +0 pair of boots (worn)
 s - a +0 helmet (worn)
 A - a +3 chain mail of poison resistance (worn)
 C - a +1 cloak (worn)
Jewellery
 e - an uncursed ring of wizardry
 f - a ring of protection from magic (right hand)
 i - a +6 ring of dexterity
 l - an uncursed ring of magical power
 o - an uncursed ring of fire
 p - a +3 ring of strength (left hand)
 q - a +3 ring of dexterity
 t - a +4 ring of protection
 w - an uncursed ring of poison resistance
 x - an uncursed ring of ice
 y - an uncursed ring of protection from fire
 B - an uncursed amulet of regeneration
Wands
 k - a wand of iceblast (9)
Scrolls
 h - 7 scrolls of remove curse
 j - 2 scrolls of amnesia
 u - 7 scrolls of enchant weapon
 v - 4 scrolls of identify
 G - 2 scrolls of blinking
 H - a scroll of fog
 I - 2 scrolls of enchant armour
Potions
 g - 4 potions of magic
 r - 4 potions of brilliance
 z - 2 potions of heal wounds
 D - a potion of berserk rage
 E - 2 potions of haste
 F - 3 potions of curing
Comestibles
 c - 6 rations


   Skills:
 * Level 20.9 Fighting
 + Level 14.7 Maces & Flails
 + Level 14.4 Armour
 + Level 14.7 Dodging
 - Level 1.7 Stealth
 - Level 4.5 Shields
 * Level 18.8 Unarmed Combat


You had 13 spell levels left.
You didn't know any spells.
Your spell library was empty.

Dungeon Overview and Level Annotations

Branches:
Dungeon (1/1)

Altars:
Cheibriados
Dithmenos
Elyvilon
Fedhas
Gozag
Hepliaklqana
Kikubaaqudgha
Makhleb
Nemelex Xobeh
Okawaru
Qazlal
Ru
Sif Muna
Trog
Uskayaw
Vehumet
Wu Jian
Xom
Yredelemnul
Zin
The Shining One
Beogh
Jiyva
Lugonu

Shops:
D %:*}

Annotations:
D Mara, Xtahua


Innate Abilities, Weirdness & Mutations

You have very sharp fingernails.
You are partially covered in yellow scales. (AC +2)
A demonic guardian rushes to your aid.
You are mostly covered in sharp spines.
Your skin changes colour to match your surroundings (Stealth+).
You have supernaturally acute eyesight. (SInv)
Armour fits poorly on your strangely shaped body.
Your body sometimes deteriorates upon taking damage.
Your natural rate of healing is unusually fast.
You are robust. (+10% HP)


Message History

Xtahua thunders ferociously at you! You resist with some effort.
You hit Xtahua but do no damage. Lightning courses through Xtahua!
Xtahua is moderately wounded.
Xom alters the dungeon around you. Xtahua misses you.
Xtahua closely misses you. Xtahua completely misses you.
Your chain mail prevents you from hitting Xtahua.
Xtahua is moderately wounded.
You hit Xtahua but do no damage.
Xtahua is moderately wounded.
Xtahua breathes flames at you. The searing blast misses you.
The searing blast hits your smoke demon.
Your smoke demon resists.
You hit Xtahua.
Xtahua is moderately wounded.
Xtahua breathes flames at you. The searing blast hits you!
You die...
Xom chortles!

.((.(.).((.(((..........)...)▓
▓▓▓▓▓▓▓▓▓▓▓▓▓▓▓▓▓▓▓▓▓▓▓▓▓▓▓▓▓▓
((()((()...........'.........▓
▓▓▓▓▓▓▓▓▓▓▓▓▓▓▓▓▓▓▓▓▓▓▓▓▓▓▓▓.▓
.R§.....@.............@.R..RR▓
▓▓▓▓▓▓▓▓▓▓▓▓▓▓▓▓▓▓▓▓▓▓▓▓▓▓▓▓▓▓
..................'..........▓
▓▓▓▓▓▓▓▓▓▓▓▓▓▓▓▓▓▓▓▓▓▓▓▓▓▓▓▓.▓
,,,,,,,,...._.D@3§§.._......▓
* * ****▓▓▓▓▓▓▓▓▓▓▓▓▓▓▓▓▓▓▓▓▓
,,,∆,,,,,,+,,,,,,∆, ,,,,+, ,,*
***** ********************** ,
,,,, ,,,,,,,,,,,,,,,,,,,,, *
********** ** ********** ** **
∆∆∆∆∆∆∆∆∆,∆,∆∆∆+∆,∆∆∆∆∆,∆ ,,,*
********************* *****,*
,,,,,,,,,,,,,,,,,,,,,,,,,,,,,*


You could see Xtahua and a friendly smoke demon.

Vanquished Creatures
  Saint Roka (D)
  Frederick (D)
  A thorn hunter (D)
  A sphinx (D)
  Kirke (D)
  A fire giant (D)
  A vault warden (D)
  2 stone giants (D)
  A very ugly thing (D)
  A spark wasp (D)
  An ettin (D)
  A great orb of eyes (D)
  A fire dragon (D)
  2 yaktaur captains (D)
  Erolcha (D)
  2 rakshasas (D)
  2 hydras (D)
  2 centaur warriors (D)
  A deep troll shaman (D)
  3 orc high priests (D)
  2 spriggan berserkers (D)
  A shock serpent (D)
  Urug (D)
  An unseen horror (D)
  A glowing orange brain (D)
  A flayed ghost (D)
  9 orc knights (D)
  2 deep elf archers (D)
  An ironbrand convoker (D)
  A harpy (D)
  2 ugly things (D)
  A wolf spider (D)
  3 cyclopes (D)
  2 naga magi (D)
  3 black mambas (D)
  2 vault sentinels (D)
  2 merfolk sirens (D)
  2 spiny frogs (D)
  A demonic crawler (D)
  2 freezing wraiths (D)
  5 yaktaurs (D)
  3 merfolk (D)
  3 jumping spiders (D)
  A troll (D)
  5 polar bears (D)
  A meliai (shapeshifter) (D)
  A wind drake (D)
  A slime creature (D)
  3 hornets (D)
  A blink frog (D)
  A bog body (D)
  2 hippogriffs (D)
  A wraith (D)
  2 yaks (D)
  A basilisk (D)
  A hog (shapeshifter) (D)
  Eustachio (D)
  A vampire mosquito (D)
  2 acid dragons (D)
  2 nagas (D)
  3 water moccasins (D)
  14 orc warriors (D)
  3 black bears (D)
  3 porcupines (D)
  A swamp drake (D)
  A phantom (D)
  An eye of draining (D)
  An ice beast (D)
  A wolf (D)
  A centaur (D)
  A crocodile (D)
  A boggart (D)
  2 bullfrogs (D)
  2 crimson imps (D)
  4 orc priests (D)
  A jelly (D)
  2 hounds (D)
  3 orc wizards (D)
  A worker ant (D)
  A shadow imp (D)
  An adder zombie (D)
  9 orcs (D)
  2 bats (D)
  A bat skeleton (D)
  A goblin (D)
  A hobgoblin (D)
  A ball python zombie (D)
  A leopard gecko skeleton (D)
  A rat (D)
  A briar patch (D)
  A fire vortex (D)
172 creatures vanquished.

Vanquished Creatures (collateral kills)
  An ettin (D)
  A fire dragon (D)
  An ogre mage (D)
  An ice dragon (D)
  A deep troll shaman (D)
  A deep troll earth mage (D)
  An alligator snapping turtle (D)
  An orb spider (D)
  3 orc knights (D)
  A necromancer (D)
  A salamander (D)
  A spiny frog (D)
  A naga (D)
  An orc (D)
  A fire vortex (D)
17 creatures vanquished.

Vanquished Creatures (others)
  A spiny frog (D)
  3 humans (D)
4 creatures vanquished.

Grand Total: 193 creatures vanquished

Notes
Turn   | Place    | Note
-------+----------+-------------------------------------------
     0 | D        | HallandMoats the Demonspawn Monk began the quest for the
                  | Orb.
     0 | D        | Reached XP level 1. HP: 18/18 MP: 1/1
    17 | D        | Reached skill level 1 in Armour
    32 | D        | Noticed a crimson imp
    32 | D        | Noticed a centaur
    50 | D        | Reached skill level 4 in Fighting
    50 | D        | Gained mutation: You have sharp fingernails. [demonic
                  | ancestry]
    50 | D        | Reached XP level 2. HP: 23/25 MP: 2/2
    53 | D        | Killed a centaur
    53 | D        | Reached skill level 6 in Fighting
    53 | D        | Gained mutation: You have very sharp fingernails. [demonic
                  | ancestry]
    53 | D        | Reached XP level 3. HP: 22/34 MP: 3/3
    53 | D        | Gained mutation: You are partially covered in sharp spines.
                  | [demonic ancestry]
    53 | D        | Reached XP level 4. HP: 26/40 MP: 4/4
   221 | D        | Found a roughly hewn altar of Beogh.
   221 | D        | Found a snail-covered altar of Cheibriados.
   221 | D        | Found a shadowy altar of Dithmenos.
   221 | D        | Found a white marble altar of Elyvilon.
   221 | D        | Found a blossoming altar of Fedhas.
   221 | D        | Found an opulent altar of Gozag.
   222 | D        | Found a hazy altar of Hepliaklqana.
   223 | D        | Found a viscous altar of Jiyva.
   224 | D        | Found an ancient bone altar of Kikubaaqudgha.
   225 | D        | Found a corrupted altar of Lugonu.
   226 | D        | Found a burning altar of Makhleb.
   227 | D        | Found a sparkling altar of Nemelex Xobeh.
   228 | D        | Found an iron altar of Okawaru.
   229 | D        | Found a stormy altar of Qazlal.
   230 | D        | Found a sacrificial altar of Ru.
   231 | D        | Found a deep blue altar of Sif Muna.
   232 | D        | Found a bloodstained altar of Trog.
   233 | D        | Found a hide-covered altar of Uskayaw.
   234 | D        | Found a radiant altar of Vehumet.
   235 | D        | Found an ornate altar of the Wu Jian Council.
   236 | D        | Found a shimmering altar of Xom.
   237 | D        | Found a basalt altar of Yredelemnul.
   238 | D        | Found a glowing silver altar of Zin.
   239 | D        | Found a glowing golden altar of the Shining One.
   260 | D        | Became a worshipper of Xom the Random Number God
   273 | D        | Got the +2 morningstar of Yckaug {elec, rElec Dex+3}
   308 | D        | Noticed a bullfrog
   308 | D        | Noticed a phantom
   310 | D        | XOM: harmless Ice miscast
   313 | D        | Killed a bullfrog
   313 | D        | Reached skill level 7 in Fighting
   313 | D        | Reached skill level 5 in Maces & Flails
   313 | D        | Reached skill level 5 in Dodging
   313 | D        | Reached XP level 5. HP: 40/48 MP: 5/5
   319 | D        | Reached skill level 8 in Fighting
   319 | D        | Gained mutation: You are mostly covered in sharp spines.
                  | [demonic ancestry]
   319 | D        | Reached XP level 6. HP: 48/56 MP: 6/6
   324 | D        | Reached skill level 5 in Armour
   337 | D        | Noticed a troll
   337 | D        | Noticed a centaur warrior
   337 | D        | Noticed an ice beast
   337 | D        | Noticed a cyclops
   340 | D        | Killed a troll
   340 | D        | Reached skill level 9 in Fighting
   340 | D        | Reached skill level 5 in Unarmed Combat
   340 | D        | Gained mutation: A weak demonic guardian rushes to your
                  | aid. [demonic ancestry]
   340 | D        | Reached XP level 7. HP: 48/64 MP: 7/7
   345 | D        | Killed a centaur warrior
   345 | D        | Reached skill level 10 in Fighting
   345 | D        | Reached XP level 8. HP: 56/74 MP: 8/8
   361 | D        | Killed a cyclops
   361 | D        | Reached skill level 11 in Fighting
   447 | D        | XOM: harmless Ice miscast
   763 | D        | Noticed Eustachio
   781 | D        | Killed Eustachio
   836 | D        | Noticed a six-headed hydra
   838 | D        | XOM: cast spell 'Summon Butterflies'
   840 | D        | Noticed a black mamba
   842 | D        | Killed a six-headed hydra
   842 | D        | Reached skill level 12 in Fighting
   842 | D        | Gained mutation: You are partially covered in yellow
                  | scales. (AC +2) [demonic ancestry]
   842 | D        | Reached XP level 9. HP: 82/82 MP: 9/9
   859 | D        | Killed a black mamba
   859 | D        | Reached skill level 10 in Unarmed Combat
   865 | D        | XOM: silly message
  1257 | D        | Reached skill level 13 in Fighting
  1258 | D        | Reached XP level 10. HP: 79/92 MP: 10/10
  1259 | D        | Noticed a spiny frog
  1262 | D        | XOM: divination: magic mapping
  1266 | D        | XOM: potion effect (brilliance)
  1270 | D        | XOM: summons friendly quasit
  1273 | D        | XOM: cast spell 'Summon Small Mammal'
  1274 | D        | XOM: enchant monster (good)
  1304 | D        | Killed a spiny frog
  1351 | D        | XOM: confuse monster(s)
  1739 | D        | Noticed Urug
  1751 | D        | Killed Urug
  1751 | D        | Reached skill level 14 in Fighting
  1968 | D        | Noticed an orc knight
  1974 | D        | XOM: divination: magic mapping
  1977 | D        | Noticed an orc high priest
  2013 | D        | XOM: potion effect (heal wounds)
  2020 | D        | XOM: confuse monster(s)
  2054 | D        | XOM: potion effect (experience)
  2054 | D        | Reached XP level 11. HP: 79/100 MP: 11/11
  2061 | D        | Killed an orc knight
  2061 | D        | Reached skill level 10 in Maces & Flails
  2061 | D        | Reached skill level 10 in Dodging
  2224 | D        | XOM: enchant monster (good)
  2231 | D        | XOM: cleaving
  2235 | D        | Killed an orc high priest
  2389 | D        | Noticed an orc high priest
  2389 | D        | Noticed an orc knight
  2391 | D        | XOM: potion effect (might)
  2394 | D        | Noticed an orc high priest
  2395 | D        | Killed an orc high priest
  2401 | D        | XOM: fog
  2403 | D        | Killed an orc knight
  2403 | D        | Gained mutation: A demonic guardian rushes to your aid.
                  | [demonic ancestry]
  2403 | D        | Reached XP level 12. HP: 92/108 MP: 12/12
  2405 | D        | Reached skill level 10 in Armour
  2407 | D        | XOM: summons friendly quasit
  2413 | D        | Killed an orc high priest
  2413 | D        | Reached skill level 15 in Fighting
  2477 | D        | Found Ekelych's Food Emporium.
  2484 | D        | Found Zuasol's Book Shoppe.
  2484 | D        | XOM: fake destruction
  2569 | D        | XOM: summons 2 friendly demons
  2713 | D        | XOM: harmless Air miscast
  2717 | D        | XOM: draining
  2843 | D        | Found Wobig's Assorted Antiques.
  2845 | D        | Found Seegrad's Gadget Shoppe.
  2854 | D        | XOM: polymorph smoke demon -> ynoxinul
  2861 | D        | XOM: scenery: 1 doors open
  2863 | D        | XOM: confuse monster(s)
  3233 | D        | Bought a scroll of identify for 44 gold pieces
  3233 | D        | Bought a scroll of remove curse for 66 gold pieces
  3233 | D        | Bought a scroll of remove curse for 66 gold pieces
  3233 | D        | Bought a scroll of fear for 77 gold pieces
  3233 | D        | Bought a potion of brilliance for 88 gold pieces
  3233 | D        | Bought a shiny buckler for 165 gold pieces
  3233 | D        | Bought a scroll of enchant weapon for 165 gold pieces
  3233 | D        | Bought a notched opal ring for 110 gold pieces
  3466 | D        | Noticed a six-headed hydra
  3473 | D        | Killed a six-headed hydra
  3473 | D        | Reached skill level 16 in Fighting
  3479 | D        | Noticed a deep troll shaman
  3482 | D        | Noticed an ettin
  3488 | D        | Noticed a deep troll earth mage
  3496 | D        | XOM: harmless Summ miscast
  3497 | D        | Killed a deep troll shaman
  3509 | D        | XOM: potion effect (invisibility)
  3571 | D        | Killed an ettin
  3579 | D        | Killed a deep troll earth mage
  3780 | D        | XOM: harmless Fire miscast
  3863 | D        | XOM: summons 3 hostile demons
  3873 | D        | Noticed a fire dragon
  3876 | D        | HP: 3/113 [something/bolt of cold (26)]
  3908 | D        | XOM: mild Ice miscast
  3923 | D        | Killed a fire dragon
  4096 | D        | XOM: give mutations
  4096 | D        | Gained mutation: Your body sometimes deteriorates upon
                  | taking damage. [Xom's mischief]
  4096 | D        | Gained mutation: Armour fits poorly on your strangely
                  | shaped body. [Xom's mischief]
  4096 | D        | Gained mutation: You evolve. [Xom's mischief]
  4096 | D        | Gained mutation: Scrolls take you a little longer to read.
                  | [Xom's mischief]
  4251 | D        | XOM: harmless Pois miscast
  4315 | D        | Noticed Saint Roka
  4321 | D        | XOM: cleaving
  4331 | D        | XOM: polymorph sixfirhy -> sun demon
  4332 | D        | XOM: summons friendly white imp
  4334 | D        | XOM: enchant monster (good)
  4467 | D        | Gained mutation: You are robust. (+10% HP) [evolution]
  4467 | D        | Lost mutation: You evolve. [end of evolution]
  4642 | D        | XOM: scenery: create altars
  4691 | D        | XOM: summons 1 friendly demon
  4700 | D        | XOM: summons friendly sixfirhy
  4704 | D        | XOM: polymorph ufetubus -> shadow imp
  4708 | D        | XOM: summons friendly ufetubus
  4716 | D        | Killed Saint Roka
  4716 | D        | Reached skill level 17 in Fighting
  4716 | D        | Reached skill level 15 in Unarmed Combat
  4716 | D        | Reached XP level 13. HP: 51/132 MP: 13/13
  5232 | D        | XOM: summons 4 hostile shadow creatures
  5337 | D        | XOM: fake destruction
  5339 | D        | XOM: divine lightning
  5351 | D        | XOM: polymorph tarantella -> eye of draining
  5643 | D        | Noticed a spark wasp
  5650 | D        | Killed a spark wasp
  5778 | D        | XOM: summons friendly quasit
  5787 | D        | XOM: snakes to sticks
  5794 | D        | XOM: noise
  5969 | D        | XOM: mild Necr miscast
  6217 | D        | XOM: confuse monster(s)
  6249 | D        | XOM: confusion (+ monsters)
  6267 | D        | XOM: noise
  6687 | D        | XOM: butterfly on damage
  7144 | D        | Noticed a thorn hunter
  7151 | D        | XOM: harmless Necr miscast
  7159 | D        | Killed a thorn hunter
  7159 | D        | Reached skill level 18 in Fighting
  7320 | D        | XOM: give mutations
  7320 | D        | Lost mutation: Scrolls take you a little longer to read.
                  | [Xom's mischief]
  7320 | D        | Gained mutation: Your skin changes colour to match your
                  | surroundings (Stealth+). [Xom's mischief]
  7669 | D        | XOM: divination: detect items
  7678 | D        | XOM: polymorph ice devil -> orange demon
  7905 | D        | XOM: divination: magic mapping
  7974 | D        | XOM: medium Tmut miscast
  8170 | D        | XOM: harmless Fire miscast
  8214 | D        | Noticed Erolcha
  8223 | D        | Killed Erolcha
  8233 | D        | Noticed Kirke
  8243 | D        | Killed Kirke
  8283 | D        | Noticed a green very ugly thing
  8283 | D        | Noticed a fire dragon
  8289 | D        | Killed a green very ugly thing
  8289 | D        | Noticed a fire giant
  8650 | D        | Killed a fire dragon
  8660 | D        | Reached skill level 19 in Fighting
  8745 | D        | XOM: summons 1 hostile shadow creature
  8779 | D        | XOM: polymorph soul eater -> soul eater
  8779 | D        | Noticed an ettin
  8828 | D        | XOM: severe Pois miscast
  8832 | D        | XOM: mild Fire miscast
  8839 | D        | XOM: harmless Air miscast
  8843 | D        | XOM: summons friendly orange demon
  8849 | D        | XOM: polymorph orange demon -> red devil
  8888 | D        | XOM: harmless Erth miscast
  8933 | D        | XOM: enchant monster (good)
  8948 | D        | Killed a fire giant
  9298 | D        | Killed an ettin
  9298 | D        | Reached XP level 14. HP: 145/145 MP: 14/14
  9394 | D        | XOM: cast spell 'Alistair's Intoxication'
  9412 | D        | XOM: summons 2 friendly demons
  9426 | D        | Noticed a stone giant
  9431 | D        | XOM: enchant monster (good)
  9438 | D        | XOM: noise
  9475 | D        | Killed a stone giant
  9704 | D        | XOM: blink monster(s)
  9707 | D        | Reached skill level 20 in Fighting
  9709 | D        | Noticed a sphinx
  9717 | D        | XOM: summons 2 friendly demons
  9719 | D        | XOM: enchant monster (good)
  9720 | D        | Noticed a vault warden
  9733 | D        | Killed a sphinx
  9735 | D        | XOM: summons friendly white imp
  9745 | D        | Killed a vault warden
  9747 | D        | Noticed a stone giant
  9758 | D        | HP: 5/148 [deep elf archer/arrow (8)]
  9768 | D        | HP: 3/148 [deep elf archer/arrow (5)]
 10270 | D        | Killed a stone giant
 10434 | D        | XOM: give mutations
 10434 | D        | Gained mutation: Your natural rate of healing is unusually
                  | fast. [Xom's grace]
 10434 | D        | Gained mutation: You have supernaturally acute eyesight.
                  | (SInv) [Xom's grace]
 10447 | D        | XOM: divination: detect items
 10526 | D        | XOM: mild Pois miscast
 10527 | D        | XOM: smoke on damage
 10528 | D        | XOM: confusion (+ monsters)
 10666 | D        | Noticed Mara
 10667 | D        | XOM: confuse monster(s)
 10690 | D        | XOM: cast spell 'Shadow Creatures'
 10698 | D        | Noticed HallandMoats's illusion
 10702 | D        | XOM: cleaving
 10730 | D        | Noticed Frederick
 10733 | D        | XOM: fog
 10740 | D        | XOM: confuse monster(s)
 10744 | D        | Killed Frederick
 10942 | D        | Noticed Xtahua
 10952 | D        | XOM: scenery: create altars
 10955 | D        | Killed from afar by Xtahua

Vault maps used:
D:        linesprint

Skill      XL: |  1  2  3  4  5  6  7  8  9 10 11 12 13 14 |
---------------+-------------------------------------------+-----
Maces & Flails | 3 4 5 6 7 8 9 10 12 13 14 | 14.7
Dodging        | 3 4 5 6 7 8 9 10 12 13 14 | 14.7
Armour         | 1 3 4 5 6 7 8 9 11 13 14 | 14.4
Fighting       | 4 6 7 8 9 10 12 13 14 17 19 20 | 20.9
Unarmed Combat | 2 3 5 7 9 10 11 12 15 17 18 | 18.8
Shields        | 4 |  4.5
Stealth        | |  1.7

Action                   |  1- 3 |  4- 6 |  7- 9 | 10-12 | 13-15 || total
-------------------------+-------+-------+-------+-------+-------++-------
Melee: Mace              |    33 |     2 |       |       |       ||    35
       Morningstar       |       |    20 |    62 |   247 |   433 ||   762
       Punch             |       |       |     5 |    12 |       ||    17
Evoke: Wand              |       |       |       |     1 |       ||     1
  Use: Potion            |     2 |       |     6 |    13 |     1 ||    22
       Scroll            |       |       |       |     1 |     6 ||     7
 Stab: Sleeping          |     1 |       |       |       |       ||     1
       Invisible         |       |       |     1 |       |       ||     1
       Confused          |       |       |       |     5 |     3 ||     8
       Petrified         |       |       |       |       |     8 ||     8
       Petrifying        |       |       |       |       |     1 ||     1
  Eat: Chunk             |       |       |     1 |     6 |     4 ||    11
       Ration            |       |       |       |     1 |     5 ||     6
Armor: Robe              |     7 |       |       |       |       ||     7
       Chain mail        |       |    12 |    37 |    95 |   114 ||   258
Dodge: Dodged            |    23 |    11 |    33 |   100 |   178 ||   345
Block: Buckler           |       |       |       |    17 |    95 ||   112
       Reflection        |       |       |       |     2 |     5 ||     7

Table legend:
 A = Non-vault XP
 B = Vault XP
 C = Vault XP percentage of total XP
 D = Non-vault monster count
 E = Vault monster count
 F = Vault count percentage of total count
                 A         B        C        D         E       F
            +---------+---------+-------+---------+---------+-------
      Total |       0 |   82208 | 100.0 |       0 |     186 | 100.0
            +---------+---------+-------+---------+---------+-------
          D |       0 |   82208 | 100.0 |       0 |     186 | 100.0
            +---------+---------+-------+---------+---------+-------
